 Dungeon Crawl Stone Soup version 0.30.0-17-ge0270778cf (webtiles) character file.

Game seed: 6351066067085065685

301 Esekla the Grave Robber (level 6, -3/39 HPs)
             Began as an Octopode Necromancer on May 21, 2023.
             Slain by a gnoll
             ... wielding a +0 spear
             ... led by a gnoll bouda
              (8 damage)
             ... on level 4 of the Dungeon.
             The game lasted 00:09:43 (2167 turns).

Esekla the Grave Robber (Octopode Necromancer)      Turns: 2167, Time: 00:09:44

Health: -3/39      AC:  1    Str:  7    XL:     6   Next: 37%
Magic:  3/10       EV: 14    Int: 20    God:
Gold:   162        SH:  0    Dex: 15    Spells: 7/11 levels left

rFire   . . .        p - +5 rapier of the Hero {heavy, rN+ Dex+3}
rCold   . . .        (no shield)
rNeg    + . .        (helmet restricted)
rPois   .            (no amulet)
rElec   .            (no ring)
rCorr   .            (no ring)
SInv    .            (no ring)
Will    .....        (no ring)
Stlth   ++++         (no ring)
HPRegen 0.26/turn    (no ring)
MPRegen 0.12/turn    (no ring)
                     (no ring)

%: no passive effects
@: brilliant, attractive
A: almost no armour, amphibious, 8 rings, camouflage 1, gelatinous body 1,
(nimble swimmer 1), tentacles
a: no special abilities


You were on level 4 of the Dungeon.
You visited 1 branch of the dungeon, and saw 4 of its levels.

You collected 162 gold pieces.

Inventory:

Hand Weapons
 b - a +3 dagger of speed
 l - a +0 spear
 p - the +5 rapier of the Hero (weapon) {heavy, rN+ Dex+3}
   (You found it on level 3 of the Dungeon)

   Dex:       It affects your dexterity (+3).
   rN:        It protects you from negative energy.
Missiles
 k - 9 poisoned darts
Wands
 n - a wand of roots (9)
Scrolls
 d - a scroll of fear {unknown}
 e - 3 scrolls of identify {unknown}
 i - a scroll of fog {unknown}
 o - a scroll of blinking {unknown}
 q - a scroll of immolation {unknown}
 r - a scroll of enchant armour {unknown}
 s - a scroll of amnesia {unknown}
Potions
 a - a potion of magic
 c - a potion of ambrosia {unknown}
 f - a potion of heal wounds {unknown}
 g - a potion of attraction
 h - a potion of brilliance
 j - a potion of curing
 m - a potion of haste {unknown}


   Skills:
 * Level 1.9 Fighting
 + Level 1.3 Short Blades
 * Level 3.4 Dodging
 + Level 4.1 Stealth
 * Level 3.1 Spellcasting
 * Level 5.0 Necromancy


You had 7 spell levels left.
You knew the following spells:

 Your Spells              Type           Power      Damage    Failure   Level
a - Necrotise             Necr           100%       1d9       1%          1
d - Vampiric Draining     Necr           35%        2d8       5%          3

Your spell library contained the following spells:

 Spells                   Type           Power      Damage    Failure   Level
 Animate Dead             Necr           35%        N/A       17%         4
 Lesser Beckoning         Tloc           8%         N/A       22%         2
 Gell's Gravitas          Tloc           4%         N/A       38%         3
 Teleport Other           Tloc           4%         N/A       38%         3
 Agony                    Necr           35%        N/A       43%         5


Dungeon Overview and Level Annotations

Branches:
Dungeon (4/15)
 Temple: D:4-7

Altars:
Hepliaklqana
Okawaru
Qazlal
Trog
Vehumet
Zin

Shops:
D:2 =


Innate Abilities, Weirdness & Mutations

You cannot wear most types of armour.
You are amphibious.
You can wear up to eight rings at the same time.
Your skin changes colour to match your surroundings (Stealth+).
Your rubbery body absorbs attacks. (AC +1, EV +1)
((You are camouflaged when in or above water. (Stealth+)))
You have tentacles for arms and can constrict up to eight enemies at once.


Message History

You don't have enough magic to cast this spell.
Unknown command.
Okay, then.
You puncture the gnoll!
You kill the gnoll!
The orc barely misses you.
You hit the orc. Your grab misses the orc.
The orc is heavily wounded.
Your attacks no longer feel as feeble.
The gnoll is no longer moving quickly.
The orc closely misses you. The orc barely misses you.
You puncture the orc!
You kill the orc!
The gnoll is no longer moving quickly.
The gnoll is no longer moving quickly.
Okay, then.
It was a potion of attraction.
You feel attractive to monsters. The gnoll hits you with a +0 club.
* * * LOW HITPOINT WARNING * * *
Found a lumpy dark potion.
The gnoll is attracted toward you.
It was a potion of brilliance.
You feel clever all of a sudden. The gnoll misses you.
The gnoll closely misses you.
It was a potion of curing.
You feel better. The gnoll barely misses you. x2
The gnoll is attracted toward you. x2
Found a helmet.
The gnoll is attracted toward you. The gnoll attacks as you move away!
The gnoll barely misses you.
The gnoll hits you from afar with a +0 spear!
* * * LOW HITPOINT WARNING * * *
The gnoll is attracted toward you. The gnoll attacks as you move away!
The gnoll barely misses you. The gnoll attacks as you move away!
The gnoll hits you with a +0 club.
* * * LOW HITPOINT WARNING * * *
Found a leather armour.
The gnoll hits you from afar with a +0 spear.
* * * LOW HITPOINT WARNING * * *
The gnoll is attracted toward you. x2
The gnoll attacks as you move away! The gnoll hits you with a +0 spear!
You die...

.....####'#####..#..##.....
..........g)'.'# #.#'..#...
..........###..#####...#...
..........###..........#...
. ......#.##..§............
..#####.##.§........##...
.. #..gg.........# ...
....##.gg............ ..
.......@................
.[.....<...............
.......................
................!
.........##......
.........# ..... .........#
..... .......[.# ##


You could see 4 gnolls.

Vanquished Creatures
  A black bear (D:2)
  A gnoll bouda (D:4)
  A hound (D:3)
  An iguana (D:2)
  4 gnolls
  3 adders
  2 dart slugs
  6 orcs
  6 ball pythons
  4 bats
  4 endoplasms
  8 goblins
  4 hobgoblins
  4 kobolds
  A quokka (D:1)
  4 frilled lizards
  A rat (D:2)
55 creatures vanquished.

Notes
Turn   | Place    | Note
-------+----------+-------------------------------------------
     0 | D:1      | Esekla the Octopode Necromancer began the quest for the
                  | Orb.
     0 | D:1      | Reached XP level 1. HP: 11/11 MP: 3/3
   140 | D:1      | Reached XP level 2. HP: 8/17 MP: 5/5
   339 | D:1      | Reached XP level 3. HP: 17/21 MP: 6/6
   343 | D:1      | Learned a level 3 spell: Vampiric Draining
   502 | D:2      | Noticed a black bear
   510 | D:2      | Killed a black bear
   511 | D:2      | Reached skill level 1 in Fighting
   511 | D:2      | Reached XP level 4. HP: 23/28 MP: 0/7
   511 | D:2      | Reached XP level 5. HP: 27/33 MP: 0/8
   848 | D:2      | Found a faded altar of an unknown god.
   964 | D:2      | Reached skill level 1 in Short Blades
  1183 | D:2      | Found Renulab's Jewellery Shop.
  1313 | D:3      | Identified the +5 rapier of the Hero {heavy, rN+ Dex+3}
  1763 | D:3      | Found a stormy altar of Qazlal.
  1766 | D:3      | Found a hazy altar of Hepliaklqana.
  1766 | D:3      | Found a bloodstained altar of Trog.
  1769 | D:3      | Reached skill level 5 in Necromancy
  1769 | D:3      | Reached XP level 6. HP: 28/39 MP: 10/10
  2102 | D:4      | Found a radiant altar of Vehumet.
  2115 | D:4      | Found an iron altar of Okawaru.
  2129 | D:4      | Found a glowing silver altar of Zin.
  2167 | D:4      | Slain by a gnoll

Illustrated notes

Levels and vault maps discovered:
D:1:      sevenhm_arrival_forest_fort_small_3, layout_rooms,
          chequers_serial_rivers_room_b, minmay_misc_feat_five
D:2:      layout_loops_ring, dreamdust_ecumenical_altar_angels_and_demons,
          serial_shops, shop
D:3:      layout_basic, grunt_temple_overflow_open, minmay_misc_feat_iff
D:4:      layout_basic, nicolae_overflow_quartered_altars, serial_shops,
          nicolae_diamond_shop

Skill      XL: |  1  2  3  4  5  6 |
---------------+-------------------+-----
Fighting       | 1 |  1.9
Stealth        | 3 4 |  4.1
Dodging        | 3 |  3.4
Short Blades   | 1 |  1.3
Spellcasting   | 3 |  3.1
Necromancy     | 5 |  5.0

Action                     |  1- 3 |  4- 6 || total
---------------------------+-------+-------++-------
  Melee: Short sword       |    49 |       ||    49
         Unarmed           |     7 |       ||     7
         Constrict         |     9 |    15 ||    24
         Tentacles         |     7 |     9 ||    16
         Dagger            |     3 |    26 ||    29
         Rapier            |       |    27 ||    27
         Punch             |       |     1 ||     1
   Cast: Vampiric Draining |     2 |     7 ||     9
    Use: Potion            |       |     3 ||     3
   Stab: Sleeping          |     4 |     5 ||     9
 Armour: Skin              |    11 |     2 ||    13
  Dodge: Dodged            |    48 |    43 ||    91
